 Dungeon Crawl Stone Soup version 0.24-a0-93-ge1bfdf8 (console) character file.

Game seed: 3506755332207153603

4 Duffy the Sneak (level 1, -3/15 HPs)
             Began as a Naga Fire Elementalist on Feb 11, 2019.
             Slain by an orc wizard
             ... wielding a +0 dagger
              (5 damage)
             ... on level 2 of the Dungeon.
             The game lasted 00:00:28 (193 turns).

Duffy the Sneak (Naga Fire Elementalist)             Turns: 193, Time: 00:00:29

Health: -3/15      AC:  1    Str: 10    XL:     1   Next: 60%
Magic:  1/3        EV: 10    Int: 15    God:
Gold:   25         SH:  0    Dex: 11    Spells: 3/4 levels left

rFire    . . .     SeeInvis +   e - -3 rapier (curse)
rCold    . . .     Gourm    .   (no shield)
rNeg     . . .     Faith    .   a - +0 robe
rPois    +         Spirit   .   (no helmet)
rElec    .         Reflect  .   (no cloak)
rCorr    .         Harm     .   (no gloves)
MR       .....                  (no barding)
Stlth    ++........             (no amulet)
HPRegen  0.05/turn              (no ring)
MPRegen  0.08/turn              (no ring)

@: short of breath, very slow
A: large, see invisible, deformed body, poison resistance, slowness 2, slow
metabolism 1, spit poison 1, AC +0
a: Spit Poison


You were on level 2 of the Dungeon.
You were not hungry.

You visited 1 branch of the dungeon, and saw 2 of its levels.

You collected 25 gold pieces.

Inventory:

Hand Weapons
 e - a cursed -3 rapier (weapon)
Armour
 a - a +0 robe (worn)
Scrolls
 b - 2 scrolls of remove curse {unknown}
 d - a scroll of identify {unknown}
Comestibles
 c - a ration


   Skills:
 - Level 1.5 Dodging
 - Level 3.0 Stealth
 - Level 2.0 Spellcasting
 + Level 1.6 Conjurations
 - Level 3.0 Fire Magic


You had 3 spell levels left.
You knew the following spells:

 Your Spells              Type           Power        Failure   Level  Hunger
h - Flame Tongue          Conj/Fire      #....        9%          1    #......

Your spell library contained the following spells:

 Spells                   Type           Power        Failure   Level  Hunger
 Throw Flame              Conj/Fire      #.....       13%         2    ###....
 Conjure Flame            Conj/Fire      #.......     26%         3    ###....
 Inner Flame              Hex/Fire       #.......     34%         3    ###....
 Sticky Flame             Conj/Fire      #.......     65%         4    #####..
 Fireball                 Conj/Fire      #.........   94%         5    ######.


Dungeon Overview and Level Annotations

Branches:
Dungeon (2/15)

Altars:
Ru


Innate Abilities, Weirdness & Mutations

You cannot wear boots.
Your serpentine skin is tough. (AC +0)
You have supernaturally acute eyesight. (SInv)
Armour fits poorly on your strangely shaped body.
Your system is resistant to poisons. (rPois)
You cover ground very slowly.
You have a slow metabolism.
You can spit poison.


Message History

The hobgoblin hits you.
Press: ? - help, Shift-Dir - straight line, p - orc wizard The splash of poison misses the hobgoblin.
The splash of poison hits the orc wizard.
The orc wizard is lightly wounded.
You feel slightly more hungry.
You kill the hobgoblin!
Cast which spell? (? or * to list)
Aiming: Flame Tongue (safe; 9% risk of failure)
Press: ? - help, Shift-Dir - straight line The flame tongue hits the orc wizard!
The orc wizard is heavily wounded.
The orc wizard hits you with a +0 dagger.
Cast which spell? (? or * to list)
Aiming: Flame Tongue (safe; 9% risk of failure)
Press: ? - help, Shift-Dir - straight line The flame tongue hits the orc wizard.
The orc wizard is severely wounded.
The orc wizard hits you with a +0 dagger.
You die...

....## ### +#######+ ...##
#.. #...#...# #'## #.#
...#...# #.# #.# ......#
#.# #.# ###._.### #.## #.#
###.......#
...#########.###.#%%.#...#
....[............#o..# ..#
...############..@#### #+
..## #.....# .## #######
##


You could see an orc wizard (mute).

Vanquished Creatures
  A bat (D:2)
  A giant cockroach (D:2)
  A hobgoblin (D:2)
3 creatures vanquished.

Notes
Turn   | Place    | Note
-------+----------+-------------------------------------------
     0 | D:1      | Duffy the Naga Fire Elementalist began the quest for the
                  | Orb.
     0 | D:1      | Reached XP level 1. HP: 15/15 MP: 3/3
   150 | D:2      | Found a sacrificial altar of Ru.
   181 | D:2      | Noticed an orc wizard
   193 | D:2      | Slain by an orc wizard

Levels and vault maps discovered:
D:1:      lemuel_arrival_cross, layout_basic
D:2:      layout_loops_corners, nicolae_ru_great_annihilating_truth, uniq_robin

Action                   || total
-------------------------++-------
 Cast: Flame Tongue      ||     4
 Abil: Spit Poison       ||     3
Armor: Robe              ||     2
Dodge: Dodged            ||     4

Table legend:
 A = Non-vault XP
 B = Vault XP
 C = Vault XP percentage of total XP
 D = Non-vault monster count
 E = Vault monster count
 F = Vault count percentage of total count
                 A         B        C        D         E       F
            +---------+---------+-------+---------+---------+-------
      Total |       0 |       6 | 100.0 |       0 |       3 | 100.0
            +---------+---------+-------+---------+---------+-------
        D:2 |       0 |       6 | 100.0 |       0 |       3 | 100.0
            +---------+---------+-------+---------+---------+-------
